 Dungeon Crawl Stone Soup version 0.28.0-45-g0d030f2227 (webtiles) character file.

Game seed: 1075667720585501944

119 NinjaNoafa the Magician (level 5, 0/37 HPs)
             Began as a Gnoll Hedge Wizard on Apr 2, 2022.
             Was a Follower of Vehumet.
             Killed from afar by Ijyb (14 damage)
             ... with an iceblast
             ... on level 3 of the Dungeon.
             The game lasted 00:10:11 (3255 turns).

NinjaNoafa the Magician (Gnoll Hedge Wizard)        Turns: 3255, Time: 00:10:12

Health: 0/37       AC:  4    Str: 10    XL:     5   Next: 3%
Magic:  12/14      EV: 12    Int: 15    God:    Vehumet [*.....]
Gold:   104        SH:  0    Dex: 11    Spells: 15/18 levels left

rFire   . . .      SeeInvis .   k - +2 hand axe (venom)
rCold   + . .      Faith    .   (no shield)
rNeg    . . .      Spirit   .   m - +1 leather armour of the Sturgeon {rC+}
rPois   .          Reflect  .   c - +0 hat
rElec   .          Harm     .   (no cloak)
rCorr   .          Rampage  .   (no gloves)
Will    .....                   (no boots)
Stlth   ++........              (no amulet)
HPRegen 0.12/turn               (no ring)
MPRegen 0.14/turn               (no ring)

@: no status effects
A: fangs 1, strong nose, distributed training
a: Renounce Religion


You were on level 3 of the Dungeon.
You worshipped Vehumet.
Vehumet was aware of your devotion.
You visited 1 branch of the dungeon, and saw 3 of its levels.

You collected 104 gold pieces.

Inventory:

Hand Weapons
 a - a +0 dagger
 e - a +2 short sword of draining
 k - a +2 hand axe of venom (weapon)
Missiles
 d - 55 stones
 f - 24 sling bullets
 g - 40 arrows
Armour
 b - a +0 robe
 c - a +0 hat (worn)
 m - the +1 leather armour of the Sturgeon (worn) {rC+}
   (You found it on level 3 of the Dungeon)

   rC:        It protects you from cold.
Scrolls
 h - 3 scrolls of identify {unknown}
 i - a scroll of enchant weapon {unknown}
 l - a scroll of vulnerability {unknown}
 n - a scroll of silence {unknown}
Potions
 j - a potion of ambrosia {unknown}


   Skills:
 + Level 1.3 Fighting
 + Level 1.3 Short Blades
 + Level 1.3 Long Blades
 + Level 1.3 Axes
 + Level 1.3 Maces & Flails
 + Level 1.3 Polearms
 + Level 1.3 Staves
 + Level 1.3 Slings
 + Level 1.3 Bows
 + Level 1.3 Crossbows
 + Level 1.3 Throwing
 + Level 1.3 Armour
 + Level 4.7 Dodging
 + Level 4.3 Stealth
 + Level 1.3 Shields
 + Level 1.3 Unarmed Combat
 + Level 7.2 Spellcasting
 + Level 2.3 Conjurations
 + Level 1.0 Hexes
 + Level 2.3 Summonings
 + Level 1.0 Necromancy
 + Level 2.3 Translocations
 + Level 1.0 Transmutations
 + Level 1.0 Fire Magic
 + Level 1.0 Ice Magic
 + Level 1.0 Air Magic
 + Level 1.0 Earth Magic
 + Level 1.0 Poison Magic
 + Level 1.4 Invocations
 + Level 1.3 Evocations


You had 15 spell levels left.
You knew the following spells:

 Your Spells              Type           Power      Damage    Failure   Level
a - Magic Dart            Conj           48%        1d5       7%          1
b - Call Imp              Summ           12%        N/A       10%         2

Your spell library contained the following spells:

 Spells                   Type           Power      Damage    Failure   Level
 Sandblast                Erth           16%        2d6       11%         1
 Blink                    Tloc           24%        N/A       10%         2
 Slow                     Hex            32%        N/A       11%         1
 Conjure Flame            Conj/Fire      10%        6-21      26%         3
 Mephitic Cloud           Conj/Pois/Air  9%         N/A       28%         3


Dungeon Overview and Level Annotations

Branches:
Dungeon (3/15)

Altars:
Qazlal
Vehumet

Annotations:
D:3 Ijyb


Innate Abilities, Weirdness & Mutations

You have very sharp teeth.
Your uncanny sense of smell can sniff out nearby items.
Your experience applies equally to all skills.


Message History

You see here a +0 short sword.
You see here a +0 short sword.
Ijyb the Twisted Goblin comes into view.
She is wielding a +0 dagger and carrying a wand of iceblast (5).
Casting: Call Imp (safe; 10% risk of failure)
Confirm with . or Enter, or press ? or * to list all spells.
Aiming: Magic Dart (safe; 7% risk of failure)
Press: ? - help, Shift-Dir - straight line, f - Ijyb
Aim: Ijyb, wielding a +0 dagger, wearing a +0 leather armour and carrying a wand of iceblast (5) (asleep, 100% to hit)
The magic dart hits Ijyb.
Ijyb is lightly wounded.
Casting: Magic Dart (safe; 7% risk of failure)
Confirm with . or Enter, or press ? or * to list all spells.
Aiming: Magic Dart (safe; 7% risk of failure)
Press: ? - help, Shift-Dir - straight line, f/p - Ijyb
Aim: Ijyb, wielding a +0 dagger, wearing a +0 leather armour and carrying a wand of iceblast (5) (lightly wounded, 100% to hit)
The magic dart hits Ijyb but does no damage.
Ijyb is lightly wounded.
Ijyb zaps a wand.
The mass of ice explodes!
The iceblast engulfs you! You partially resist.
Casting: Magic Dart (safe; 7% risk of failure)
Confirm with . or Enter, or press ? or * to list all spells.
A beastly little devil appears in a puff of flame.
Ijyb screams, "I cut your head off!"
Casting: Call Imp (safe; 10% risk of failure)
Confirm with . or Enter, or press ? or * to list all spells.
You can't see any susceptible monsters within range! (Use Z to cast anyway.)
Aiming: Magic Dart (safe; 7% risk of failure)
Press: ? - help, Q - select action, (/) - cycle Shift-Dir - straight line, p - Ijyb
Okay, then.
Ijyb hits your crimson imp with a +0 dagger.
Your crimson imp closely misses Ijyb.
Ijyb completely misses your crimson imp.
Your crimson imp closely misses Ijyb.
Ijyb hits your crimson imp with a +0 dagger.
Your crimson imp blinks!
Ijyb zaps a wand.
The mass of ice explodes!
The iceblast engulfs you! You partially resist.
Ijyb zaps a wand.
The mass of ice explodes!
The iceblast engulfs you! You partially resist.
You die...

###########
#..g.......
##########..######..
#...........# .#
###.########ยง##
#..# ..#.#
##.5#####....# #.#.#
#..g...@..# #.#.#
##.)#####.# #.#.#
#..### # #...#
#....# #..## #.####
#..### ### .....#
#..#.# #..### .


You could see Ijyb (ally target) and a friendly crimson imp (summoned).

Vanquished Creatures
  Natasha (D:3)
  2 adders (D:2)
  A worm (D:3)
  4 dart slugs
  6 bats
  2 endoplasms
  2 giant cockroaches
  3 goblins
  4 hobgoblins
  8 jackals
  2 kobolds
  5 quokkas
  6 ball pythons
  2 frilled lizards (D:1)
  2 rats
50 creatures vanquished.

Vanquished Creatures (collateral kills)
  An adder (D:2)
  2 jackals (D:2)
  A bat (D:2)
4 creatures vanquished.

Vanquished Creatures (others)
  9 plants (D:1)
9 creatures vanquished.

Grand Total: 63 creatures vanquished

Notes
Turn   | Place    | Note
-------+----------+-------------------------------------------
     0 | D:1      | NinjaNoafa the Gnoll Hedge Wizard began the quest for the
                  | Orb.
     0 | D:1      | Reached XP level 1. HP: 13/13 MP: 8/8
   387 | D:1      | Reached XP level 2. HP: 9/19 MP: 3/10
   977 | D:1      | Reached XP level 3. HP: 23/25 MP: 8/11
  1122 | D:1      | Learned a level 2 spell: Call Imp
  1459 | D:2      | Reached skill level 1 in Invocations
  1737 | D:2      | Reached skill level 1 in Fighting
  1737 | D:2      | Reached skill level 1 in Short Blades
  1737 | D:2      | Reached skill level 1 in Long Blades
  1737 | D:2      | Reached skill level 1 in Axes
  1737 | D:2      | Reached skill level 1 in Maces & Flails
  1737 | D:2      | Reached skill level 1 in Polearms
  1737 | D:2      | Reached skill level 1 in Staves
  1737 | D:2      | Reached skill level 1 in Slings
  1737 | D:2      | Reached skill level 1 in Bows
  1737 | D:2      | Reached skill level 1 in Crossbows
  1737 | D:2      | Reached skill level 1 in Throwing
  1737 | D:2      | Reached skill level 1 in Armour
  1737 | D:2      | Reached skill level 1 in Shields
  1737 | D:2      | Reached skill level 1 in Unarmed Combat
  1737 | D:2      | Reached skill level 1 in Evocations
  1927 | D:2      | Reached XP level 4. HP: 22/32 MP: 5/13
  2055 | D:2      | Found a faded altar of an unknown god.
  2256 | D:2      | Prayed at the altar of an unknown god.
  2256 | D:2      | Became a worshipper of Vehumet
  2256 | D:2      | Reached * piety under Vehumet
  2256 | D:2      | Offered knowledge of Sandblast by Vehumet.
  2748 | D:3      | Noticed Natasha
  2770 | D:3      | Killed Natasha
  2771 | D:3      | Reached skill level 1 in Hexes
  2771 | D:3      | Reached skill level 1 in Necromancy
  2771 | D:3      | Reached skill level 1 in Transmutations
  2771 | D:3      | Reached skill level 1 in Fire Magic
  2771 | D:3      | Reached skill level 1 in Ice Magic
  2771 | D:3      | Reached skill level 1 in Air Magic
  2771 | D:3      | Reached skill level 1 in Earth Magic
  2771 | D:3      | Reached skill level 1 in Poison Magic
  2904 | D:3      | Identified the +1 leather armour of the Sturgeon {rC+}
  2919 | D:3      | Found a stormy altar of Qazlal.
  2934 | D:3      | Reached XP level 5. HP: 37/37 MP: 14/14
  3237 | D:3      | Noticed Ijyb
  3255 | D:3      | Killed from afar by Ijyb

Illustrated notes

Levels and vault maps discovered:
D:1:      shiori_arrival_oz, layout_rooms, kennysheep_boxes
D:2:      cheibrodos_helix_gallery, layout_basic, ebering_ecumenical_altar_mist,
          st_stairs_1
D:3:      minmay_skewed_foursquare, layout_loops_ring,
          mainiacjoe_overflow_alcove_4, nicolae_qazlal_scattered_showers,
          nicolae_hepliaklqana_ecumenical_no_more, grunt_ministairs_7,
          uniq_natasha, uniq_ijyb, uniq_sigmund

Skill      XL: |  1  2  3  4 |
---------------+-------------+-----
Conjurations   | 2 |  2.3
Summonings     | 2 |  2.3
Translocations | 2 |  2.3
Invocations    | 1 |  1.4
Fighting       | 1 |  1.3
Short Blades   | 1 |  1.3
Long Blades    | 1 |  1.3
Axes           | 1 |  1.3
Maces & Flails | 1 |  1.3
Polearms       | 1 |  1.3
Staves         | 1 |  1.3
Slings         | 1 |  1.3
Bows           | 1 |  1.3
Crossbows      | 1 |  1.3
Throwing       | 1 |  1.3
Armour         | 1 |  1.3
Shields        | 1 |  1.3
Unarmed Combat | 1 |  1.3
Evocations     | 1 |  1.3
Hexes          | 1 |  1.0
Necromancy     | 1 |  1.0
Transmutations | 1 |  1.0
Fire Magic     | 1 |  1.0
Ice Magic      | 1 |  1.0
Air Magic      | 1 |  1.0
Earth Magic    | 1 |  1.0
Poison Magic   | 1 |  1.0
Dodging        | |  4.7
Stealth        | |  4.3
Spellcasting   | |  7.2

Action                   |  1- 3 |  4- 6 || total
-------------------------+-------+-------++-------
Melee: Dagger            |    19 |       ||    19
       Bite              |     6 |       ||     6
       Short sword       |    55 |     5 ||    60
       Hand axe          |       |    26 ||    26
       Punch             |       |     1 ||     1
 Cast: Magic Dart        |    45 |    22 ||    67
       Call Imp          |     4 |     5 ||     9
 Stab: Sleeping          |     3 |     2 ||     5
Armor: Robe              |    12 |     5 ||    17
       Leather armour    |       |     4 ||     4
Dodge: Dodged            |    89 |    27 ||   116
